BSA
TORONTO TITANS @ ST CHARLES SHEENS
09/06/2025
 
TOP OF THE 1ST
Toronto Titans batting - Pitching for St Charles Sheens : LHP Ben Moody
Pitching: LHP Ben Moody
Batting: LHB Kent MacDulothe 0-0: Ground out 4-3 (Groundball, 4)
Batting: LHB José Rodríguez 0-0: Foul Ball, location: 2F
0-1: Foul Ball, location: 2F
0-2: Ball
1-2: Strikes out swinging
Batting: RHB Jim Tracy 0-0: Called Strike
0-1: Ball
1-1: Foul Ball, location: 2F
1-2: SOLO HOME RUN (Flyball, 89XD), Distance : 416 ft
Batting: RHB Chris Parker 0-0: Ball
1-0: Ball
2-0: Ball
3-0: Base on Balls
Batting: SHB Juan Gómez 0-0: Called Strike
0-1: Ball
1-1: Ball
2-1: Fly out, F3 (Popup, 3F)
Top of the 1st over - 1 run(s), 1 hit(s), 0 error(s), 1 left on base; Toronto 1 - St Charles 0
BOTTOM OF THE 1ST
St Charles Sheens batting - Pitching for Toronto Titans : LHP Carlos Tavárez
Pitching: LHP Carlos Tavárez
Batting: RHB Kel Pierce 0-0: DOUBLE (Line Drive, 9LD)
Batting: LHB Gene Cooper 0-0: Called Strike
0-1: Foul Ball, location: 2F
0-2: Strikes out swinging
Batting: RHB Judson Backstrom 0-0: Called Strike
0-1: Swinging Strike
0-2: Ball
1-2: Fly out, F9 (Line Drive, 9LM)
Batting: RHB Max Rash 0-0: Ground out 1-3 (Groundball, 25)
Bottom of the 1st over - 0 run(s), 1 hit(s), 0 error(s), 1 left on base; Toronto 1 - St Charles 0
TOP OF THE 2ND
Toronto Titans batting - Pitching for St Charles Sheens : LHP Ben Moody
Batting: RHB Carlos Pérez 0-0: Ball
1-0: Swinging Strike
1-1: Foul Ball, location: 2F
1-2: Strikes out swinging
Batting: SHB Álex Rosado 0-0: Ball
1-0: Foul Ball, location: 2F
1-1: Ball
2-1: Called Strike
2-2: Ball
3-2: Strikes out looking
Batting: RHB Gilberto López 0-0: Called Strike
0-1: Called Strike
0-2: Ball
1-2: Ground out 3-1 (Groundball, 34)
Top of the 2nd over - 0 run(s), 0 hit(s), 0 error(s), 0 left on base; Toronto 1 - St Charles 0
BOTTOM OF THE 2ND
St Charles Sheens batting - Pitching for Toronto Titans : LHP Carlos Tavárez
Batting: RHB Júlio Hernández 0-0: Foul Ball, location: 2F
0-1: Called Strike
0-2: Foul Ball, location: 2F
0-2: Foul Ball, location: 2F
0-2: Ball
1-2: Foul Ball, location: 2F
1-2: Ball
2-2: Fly out, F9 (Flyball, 89M)
Batting: RHB Tomás Estrada 0-0: Ball
1-0: Called Strike
1-1: Ball
2-1: Ball
3-1: Called Strike
3-2: Foul Ball, location: 2F
3-2: Ground out 5-3 (Groundball, 56S)
Batting: LHB Stan Bates 0-0: Ball
1-0: Foul Ball, location: 2F
1-1: Ball
2-1: DOUBLE (Groundball, 5L)
Batting: RHB Júlio Figueroa 0-0: Ball
1-0: SINGLE (Flyball, 7S)
Stan Bates to third
Runner from 3rd tries for Home, SAFE, no throw or cutoff
Batting: LHB Bob Ware Pickoff Throw to First - Out!
Bottom of the 2nd over - 1 run(s), 2 hit(s), 0 error(s), 0 left on base; Toronto 1 - St Charles 1
TOP OF THE 3RD
Toronto Titans batting - Pitching for St Charles Sheens : LHP Ben Moody
Batting: RHB Alberto Velásquez 0-0: Foul Ball, location: 2F
0-1: Foul Ball, location: 2F
0-2: Foul Ball, location: 2F
0-2: Strikes out swinging
Batting: LHB Kent MacDulothe 0-0: Ball
1-0: Called Strike
1-1: SINGLE (Groundball, 3S) (infield hit)
Batting: LHB José Rodríguez 0-0: Ball
1-0: Ball
2-0: Called Strike
2-1: Foul Ball, location: 2F
2-2: Strikes out swinging
Batting: RHB Jim Tracy 0-0: Ball
1-0: Swinging Strike
1-1: Called Strike
1-2: Ball
Wild Pitch!
Kent MacDulothe to second
2-2: Foul Ball, location: 2F
2-2: Ball
3-2: Fly out, F4 (Popup, 34)
Top of the 3rd over - 0 run(s), 1 hit(s), 0 error(s), 1 left on base; Toronto 1 - St Charles 1
BOTTOM OF THE 3RD
St Charles Sheens batting - Pitching for Toronto Titans : LHP Carlos Tavárez
Batting: LHB Bob Ware 0-0: SINGLE (Groundball, 3D)
Batting: RHB Kel Pierce 0-0: Swinging Strike
0-1: Ball
1-1: Ball
2-1: Grounds into double play, 6-4-3 (Groundball, 6)
Batting: LHB Gene Cooper 0-0: Ground out 4-3 (Groundball, 13)
Bottom of the 3rd over - 0 run(s), 1 hit(s), 0 error(s), 0 left on base; Toronto 1 - St Charles 1
TOP OF THE 4TH
Toronto Titans batting - Pitching for St Charles Sheens : LHP Ben Moody
Batting: RHB Chris Parker 0-0: SINGLE (Groundball, 6M)
Batting: SHB Juan Gómez 0-0: Called Strike
0-1: Ground out 6-3 (Groundball, 4M)
Chris Parker to second
Batting: RHB Carlos Pérez 0-0: Swinging Strike
0-1: Called Strike
0-2: Ball
1-2: Ball
2-2: Strikes out swinging
Batting: SHB Álex Rosado 0-0: Ball
1-0: Ball
2-0: Called Strike
2-1: Foul Ball, location: 2F
2-2: Foul Ball, location: 2F
2-2: Fly out, F3 (Popup, 3F)
Top of the 4th over - 0 run(s), 1 hit(s), 0 error(s), 1 left on base; Toronto 1 - St Charles 1
BOTTOM OF THE 4TH
St Charles Sheens batting - Pitching for Toronto Titans : LHP Carlos Tavárez
Batting: RHB Judson Backstrom 0-0: Called Strike
0-1: Called Strike
0-2: Ball
1-2: Foul Ball, location: 2F
1-2: Ground out 4-3 (Groundball, 4M)
Batting: RHB Max Rash 0-0: Ball
1-0: SINGLE (Groundball, 56D)
Batting: RHB Júlio Hernández 0-0: Ball
1-0: Fly out, F2 (Popup, 2R)
Batting: RHB Tomás Estrada 0-0: Called Strike
0-1: Ball
1-1: Ball
2-1: Ball
3-1: Base on Balls
Max Rash to second
Batting: LHB Stan Bates 0-0: Foul Ball, location: 2F
0-1: Ball
1-1: Fly out, F7 (Flyball, 78D)
Bottom of the 4th over - 0 run(s), 1 hit(s), 0 error(s), 2 left on base; Toronto 1 - St Charles 1
TOP OF THE 5TH
Toronto Titans batting - Pitching for St Charles Sheens : LHP Ben Moody
Batting: RHB Gilberto López 0-0: Ground out 5-3 (Groundball, 56)
Batting: RHB Alberto Velásquez 0-0: Called Strike
0-1: Ball
1-1: Ball
2-1: Ball
3-1: Base on Balls
Batting: LHB Kent MacDulothe 0-0: Fielders Choice at 2nd, 4-6 (Groundball, 4)
Batting: LHB José Rodríguez 0-0: Called Strike
Kent MacDulothe steals 2nd base
0-1: Ball
1-1: Ball
2-1: Ground out 6-3 (Groundball, 56)
Top of the 5th over - 0 run(s), 0 hit(s), 0 error(s), 1 left on base; Toronto 1 - St Charles 1
BOTTOM OF THE 5TH
St Charles Sheens batting - Pitching for Toronto Titans : LHP Carlos Tavárez
Batting: RHB Júlio Figueroa 0-0: Ground out 5-3 (Groundball, 56)
Batting: LHB Bob Ware 0-0: Swinging Strike
0-1: Foul Ball, location: 2F
0-2: Strikes out swinging
Batting: RHB Kel Pierce 0-0: Fly out, F9 (Flyball, 9M)
Bottom of the 5th over - 0 run(s), 0 hit(s), 0 error(s), 0 left on base; Toronto 1 - St Charles 1
TOP OF THE 6TH
Toronto Titans batting - Pitching for St Charles Sheens : LHP Ben Moody
Batting: RHB Jim Tracy 0-0: Ball
1-0: Foul Ball, location: 2F
1-1: Ball
2-1: Ball
3-1: Foul Ball, location: 2F
3-2: Foul Ball, location: 2F
3-2: Ground out 4-3 (Groundball, 4)
Batting: RHB Chris Parker 0-0: SINGLE (Line Drive, 4)
Batting: SHB Juan Gómez 0-0: Called Strike
0-1: Foul Ball, location: 2F
0-2: Ball
1-2: Strikes out looking
Batting: RHB Carlos Pérez 0-0: Called Strike
0-1: Fly out, F7 (Line Drive, 78M)
Top of the 6th over - 0 run(s), 1 hit(s), 0 error(s), 1 left on base; Toronto 1 - St Charles 1
BOTTOM OF THE 6TH
St Charles Sheens batting - Pitching for Toronto Titans : LHP Carlos Tavárez
Batting: LHB Gene Cooper 0-0: Called Strike
0-1: Ball
1-1: Ball
2-1: Ball
3-1: Base on Balls
Batting: RHB Judson Backstrom 0-0: Called Strike
0-1: Foul Ball, location: 2F
0-2: Ball
1-2: Ball
2-2: Grounds into double play, 1-4-3 (Groundball, 25)
Batting: RHB Max Rash 0-0: Called Strike
0-1: Ball
1-1: Reached on error, E5 (Groundball, 5)
Batting: RHB Júlio Hernández 0-0: Ground out 5-3 (Groundball, 5S)
Bottom of the 6th over - 0 run(s), 0 hit(s), 1 error(s), 1 left on base; Toronto 1 - St Charles 1
TOP OF THE 7TH
Toronto Titans batting - Pitching for St Charles Sheens : LHP Ben Moody
Batting: SHB Álex Rosado 0-0: Ball
1-0: Called Strike
1-1: Ball
2-1: Fly out, F3 (Popup, 3F)
Batting: RHB Gilberto López 0-0: Ball
1-0: Foul Ball, location: 2F
1-1: Foul Ball, location: 2F
1-2: Ground out 5-3 (Groundball, 5)
Batting: RHB Alberto Velásquez 0-0: Swinging Strike
0-1: Ball
1-1: Bunt missed!
1-2: Ball
2-2: Ground out 4-3 (Groundball, 34)
Top of the 7th over - 0 run(s), 0 hit(s), 0 error(s), 0 left on base; Toronto 1 - St Charles 1
BOTTOM OF THE 7TH
St Charles Sheens batting - Pitching for Toronto Titans : LHP Carlos Tavárez
Batting: RHB Tomás Estrada 0-0: Foul Ball, location: 2F
0-1: Called Strike
0-2: Foul Ball, location: 2F
0-2: Foul Ball, location: 2F
0-2: Foul Ball, location: 2F
0-2: Fly out, F8 (Flyball, 8RM)
Pinch Hitting: RHB Howard Lane 0-0: Called Strike
0-1: Ball
1-1: Swinging Strike
1-2: Ball
2-2: Strikes out swinging
Batting: RHB Júlio Figueroa 0-0: Ball
1-0: Ball
2-0: Ground out 6-3 (Groundball, 6)
Bottom of the 7th over - 0 run(s), 0 hit(s), 0 error(s), 0 left on base; Toronto 1 - St Charles 1
TOP OF THE 8TH
Toronto Titans batting - Pitching for St Charles Sheens : LHP Ben Moody
Now at 1B: Howard Lane
Batting: LHB Kent MacDulothe 0-0: DOUBLE (Line Drive, 3D)
Batting: LHB José Rodríguez 0-0: Intentional Walk
Pitching: RHP Juan Rivera
Batting: RHB Jim Tracy 0-0: Called Strike
0-1: Ball
1-1: Ball
2-1: Foul Ball, location: 2F
2-2: Ball
3-2: Ground out 4-3 (Groundball, 4M)
Kent MacDulothe to third
José Rodríguez to second
Batting: RHB Chris Parker 0-0: Called Strike
0-1: Foul Ball, location: 2F
0-2: Ball
1-2: Strikes out looking
Batting: SHB Juan Gómez 0-0: Foul Ball, location: 2F
0-1: Ball
1-1: Foul Ball, location: 2F
1-2: Ball
2-2: Foul Ball, location: 2F
2-2: Foul Ball, location: 2F
2-2: Ball
3-2: Foul Ball, location: 2F
3-2: SINGLE (Groundball, 34D)
Kent MacDulothe scores
José Rodríguez to third
José Rodríguez scores
Batting: RHB Carlos Pérez 0-0: Swinging Strike
0-1: Ball
1-1: Ball
2-1: Foul Ball, location: 2F
2-2: Ball
3-2: Fly out, F8 (Flyball, 8LM)
Top of the 8th over - 2 run(s), 2 hit(s), 0 error(s), 1 left on base; Toronto 3 - St Charles 1
BOTTOM OF THE 8TH
St Charles Sheens batting - Pitching for Toronto Titans : LHP Carlos Tavárez
Batting: LHB Bob Ware 0-0: SINGLE (Groundball, 5D)
Batting: RHB Kel Pierce 0-0: Called Strike
0-1: Swinging Strike
0-2: Foul Ball, location: 2F
0-2: Ball
1-2: Ball
2-2: Ball
3-2: Ground out 5-3 (Groundball, 5S)
Bob Ware to second
Batting: LHB Gene Cooper 0-0: Ball
1-0: Foul Ball, location: 2F
1-1: Swinging Strike
1-2: Ball
2-2: Ball
3-2: Foul Ball, location: 2F
3-2: Ground out 4-3 (Groundball, 4M)
Bob Ware to third
Pitching: LHP Braydon Schute
Batting: RHB Judson Backstrom 0-0: Ball
1-0: Ground out 3-1 (Groundball, 34)
Bottom of the 8th over - 0 run(s), 1 hit(s), 0 error(s), 1 left on base; Toronto 3 - St Charles 1
TOP OF THE 9TH
Toronto Titans batting - Pitching for St Charles Sheens : RHP Juan Rivera
Batting: SHB Álex Rosado 0-0: Called Strike
0-1: Ball
1-1: Ball
2-1: Foul Ball, location: 2F
2-2: Foul Ball, location: 2F
2-2: DOUBLE (Line Drive, 7LD)
Batting: RHB Gilberto López 0-0: Intentional Walk
Pitching: RHP Jean Burrows
Batting: RHB Alberto Velásquez 0-0: Sac Bunt - play at first, batter OUT! 1-4
Álex Rosado to third
Gilberto López to second
Batting: LHB Kent MacDulothe 0-0: Ball
1-0: Ball
2-0: Ball
3-0: Called Strike
3-1: Base on Balls
Batting: LHB José Rodríguez 0-0: Called Strike
0-1: Called Strike
0-2: Ball
1-2: Foul Ball, location: 2F
1-2: Strikes out looking
Batting: RHB Jim Tracy 0-0: Ball
1-0: Ball
2-0: Ball
3-0: Called Strike
3-1: Base on Balls
Álex Rosado scores
Gilberto López to third
Kent MacDulothe to second
Batting: RHB Chris Parker 0-0: SINGLE (Line Drive, 89S)
Gilberto López scores
Kent MacDulothe to third
Jim Tracy to second
Runner from 3rd tries for Home, SAFE, no throw or cutoff
Batting: SHB Juan Gómez 0-0: Foul Ball, location: 2F
0-1: Ground out 4-3 (Groundball, 4)
Top of the 9th over - 3 run(s), 2 hit(s), 0 error(s), 2 left on base; Toronto 6 - St Charles 1
BOTTOM OF THE 9TH
St Charles Sheens batting - Pitching for Toronto Titans : LHP Braydon Schute
Now in CF: Sadao Kimura
Batting: RHB Max Rash 0-0: Ball
1-0: Ball
2-0: Ball
3-0: Base on Balls
Batting: RHB Júlio Hernández 0-0: Ball
1-0: SINGLE (Flyball, 8LS)
Max Rash to second
Batting: RHB Tomás Estrada 0-0: Called Strike
0-1: Ball
1-1: Ball
2-1: Fielders Choice at 2nd, 4-6 (Groundball, 4)
Max Rash to third
Batting: RHB Howard Lane 0-0: Fly out, F7 (Flyball, 7LS)
Batting: RHB Júlio Figueroa 0-0: Fly out, F8 (Flyball, 8RD)
Bottom of the 9th over - 0 run(s), 1 hit(s), 0 error(s), 2 left on base; Toronto 6 - St Charles 1
This league is powered by Out of the Park Baseball, the baseball management simulation game for PC, Mac and Linux
Tuesday, August 2nd, 2016 - OOTP Baseball 16.8 Build 38